[Event "NJSK 2022 Jeugd C"]
[Site "Almelo, Netherlands"]
[Date "2022.05.03"]
[Round "3.3"]
[White "Smeets, Kobe"]
[Black "Ponomarev, Ivan"]
[Result "1-0"]
[TimeControl "90min + 30sec/move"]
[WhiteElo "1984"]
[BlackElo "1744"]

1. e4 c5 2. Nf3 e6 3. d4 cxd4 4.
Nxd4 Nc6 5. Nc3 a6 6. a3 Be7 7. Be3 Nf6 8. f4 d6 9. Be2 Qc7 10. O-O O-O 11. Qe1 e5 12. fxe5 dxe5 13.
Nb3 Na5 14. Nxa5 Qxa5 15. Nd5 Qd8 16. Nb6 Rb8 17. Qc3 Bd6 18. Rad1 Qc7 19. Rxd6 Qxd6 20. Bc5 Qc6 21. Bxf8 Qxc3 22.
bxc3 Kxf8 23. Bc4 Ke7 24. Bd5 Be6 25. c4 Nd7 26. Bxe6 fxe6 27. Nxd7 Kxd7 28. Rf7+ Kd6 29. Rxg7 Kc5 30.
Rxh7 Kxc4 31. Re7 Kd4 32. Rxe6 Kxe4 33. Rb6 Rc8 34. Rxb7 Rxc2 35. h4 Ke3 36. h5 Rc6 37. Rb3+ Kf4 38. Rh3 Kg5 39. Kf2 Kh6 40.
g4 Kg5 41. Rg3 Rc2+ 42. Kf3 Rc4 43. Kg2 Rc1 44. Kh2 Rc2+ 45. Kh3 Rc1 46. Re3 Kf4 47. Re2 Rc3+ 48. Kh4 Rc1 49. Rf2+ Ke3 50.
Rf7 e4 51. h6 Rh1+ 52. Kg5 Ke2 53. Kg6 e3 54. g5 Kd1 55. Rd7+ Kc2 56. Re7 Kd2 57. h7 e2 58. Kg7 1-0

[Event "NJSK 2022 Jeugd C"]
[Site "Almelo, Netherlands"]
[Date "2022.05.03"]
[Round "3.4"]
[White "Kurt, Sascha"]
[Black "Van Arendonk, Polle"]
[Result "0-1"]
[TimeControl "90min + 30sec/move"]
[WhiteElo "1834"]
[BlackElo "1784"]

1. e4 e6 2. d4 d5 3. Nd2 c5 4. Ngf3 Nc6 5. exd5 Qxd5 6. Bc4 Qd8 7. Nb3 cxd4 8. Nbxd4 Nxd4 9. Qxd4 Qxd4 10.
Nxd4 Bd7 11. O-O Rc8 12. Bd3 Nf6 13. c4 Bd6 14. h3 O-O 15. Nb3 b6 16. a4 Bc6 17. Nd2 Rfd8 18. Be2 Bf4 19.
Nf3 Bxc1 20. Rfxc1 Bxf3 21. Bxf3 Rd4 22. b3 a5 23. Rd1 Rcd8 24. Rxd4 Rxd4 25. Rd1 Rxd1+ 26. Bxd1 Kf8 27. Bf3 Nd7 28. Kf1 Nc5 29. Bd1 Ke7 30. Ke2 e5 31. Bc2 Ke6 32.
Kd2 f5 33. Kc3 Na6 34. Bd3 e4 35. Be2 Ke5 36. g3 g5 37. Bh5 f4 38. Be2 f3 39. Bf1 Nc5 40. b4 Na6 41. bxa5 bxa5 42.
c5 Nxc5 43. Bb5 Kd5 44. Bc4+ Ke5 45. Bb5 h5 46. Be8 Nd3 47. Bxh5 Nxf2 48. Kd2 Nxh3 49. Ke3 Ng1 50. Bg6 g4 51.
Bxe4 Ne2 52. Bxf3 gxf3 53. Kxf3 Nc3 54. Ke3 Nxa4 55. Kd3 Nb6 56. Kc3 a4 57. Kb4 Kf5 58. Ka3 Kg4 59. Kb4 Kxg3 60.
Ka3 Kf3 61. Kb4 Ke3 62. Ka3 Kd3 63.
Kb4 Kc2 64. Ka3 Kb1 65. Kb4 Kb2 66. Ka5 a3 0-1

[Event "NJSK 2022 Jeugd C"]
[Site "Almelo, Netherlands"]
[Date "2022.05.03"]
[Round "3.5"]
[White "Kazarjan, Gachatur"]
[Black "Krylov, Philippe"]
[Result "1-0"]
[TimeControl "90min + 30sec/move"]
[WhiteElo "1661"]
[BlackElo "1817"]

1. e4 c6 2. d4 d5 3. Nd2 dxe4 4. Nxe4 Bf5 5. Ng3 Bg6 6. h4 h6 7. Nh3 Nf6 8. Nf4 Bh7 9. c3 e6 10.
Bd3 Bxd3 11. Nxd3 Bd6 12. Qf3 Nbd7 13. O-O Qc7 14. Nh5 Nxh5 15. Qxh5 Nf6 16. Qf3 O-O 17. Bxh6 gxh6 18. Qxf6 Kh7 19.
Rfe1 Rg8 20. Ne5 Rg7 21. g3 Rag8 22. Kg2 Be7 23.
Qf3 Bxh4 24. Qe4+ f5 25. Qxh4 Rg5 26. Rh1 Qg7 27. Rh3 f4 28. Qxf4 Rf8 29. Qe4+ Kg8 30. Rah1 Rgf5 31. f3 Rg5 32.
Ng4 1-0

[Event "NJSK 2022 Jeugd C"]
[Site "Almelo, Netherlands"]
[Date "2022.05.03"]
[Round "3.6"]
[White "Terlouw, Wouter"]
[Black "Kumar, Prajit Sai"]
[Result "1/2-1/2"]
[TimeControl "90min + 30sec/move"]
[WhiteElo "1578"]
[BlackElo "2042"]

1. d4 d5 2. c4 c6 3.
Nc3 Nf6 4. Nf3 e6 5. Bg5 Nbd7 6. e3 Qa5 7. Nd2 Bb4 8. Qc2 dxc4 9. Bxf6 Nxf6 10. Nxc4 Qc7 11. a3 Be7 12. b4 b6 13.
Be2 O-O 14. O-O Ba6 15. Ne5 Bxe2 16. Nxe2 Rfc8 17. Rac1 c5 18. bxc5 bxc5 19. Nf3 Qa5 20. a4 h6 21. Qa2 Nd5 22.
dxc5 Bxc5 23. Rc4 Rc7 24. Rfc1 Rac8 25. h3 Nxe3 26. Rxc5 Rxc5 27. Rxc5 Qxc5 28. fxe3 Qxe3+ 29. Kh2 Qe4 30.
Ng3 Qf4 31. Qb3 h5 32. Qb7 Qc7 33. Qxc7 Rxc7 34. Ne5 Rc5 35. Nd3 Rc4 36. Ne2 Rxa4 37. Kg1 Ra2 38. Ndc1 Rc2 39. Kf2 a5 40.
Ke3 e5 41. Kd3 Rc5 42. Nb3 Rb5 43. Kc4 Rb4+ 44. Kc3 Ra4 45. Ng3 g6 46. Nf1 Ra3 47. Kb2 Ra4 48. Kc3 Ra2 49. Nfd2 a4 50.
Nc5 h4 51. Nd3 f6 52. Ne1 g5 53. Nc2 Kf7 54. Ne4 Kg6 55. Nc5 f5 56. Nd3 e4 57. Ndb4 Rxc2+ 58. Nxc2 g4 59. Kb4 Kg5 60. Kxa4 gxh3 61. gxh3 f4 62. Kb4 f3 63. Kc4 f2 64.
Ne3 Kf4 65. Kd4 Kf3 66. Nf1 Kg2 67. Ne3+ Kxh3 68. Kxe4 Kg3 69. Kd3 Kf3 70. Nf1 h3 71. Nh2 Kg2 72. Ke2 1/2-1/2

[Event "NJSK 2022 Jeugd C"]
[Site "Almelo, Netherlands"]
[Date "2022.05.03"]
[Round "3.7"]
[White "Madularea, David"]
[Black "Mohebbinezhad, Parsa"]
[Result "1-0"]
[TimeControl "90min + 30sec/move"]
[WhiteElo "1774"]
[BlackElo "1600"]

1. e4 c6 2. d4 d5 3. e5 Bf5 4. h4 h6 5. Bd3 Bxd3 6. Qxd3 e6 7. h5 Qb6 8. Ne2 c5 9. c3 Nc6 10.
a3 cxd4 11. cxd4 Nge7 12. g4 Na5 13. Nd2 a6 14. b4 Nac6 15. Bb2 Nc8 16. Nb3 N8a7 17. Nc3 a5 18. b5 a4 19. Nc1 Nxd4 20.
Nxa4 Qa5+ 21. Nc3 Ndxb5 22. Nb3 Qa6 23. O-O Nxc3 24. Qxc3 Nb5 25. Qd2 Bxa3 26. Bxa3 Nxa3 27. Nc5 Qc4 28.
Rfc1 Qxg4+ 29. Kf1 Qh3+ 30. Kg1 b6 31. Rc3 Qg4+ 32. Rg3 Qxg3+ 33. fxg3 bxc5 34. Qc1 O-O 35. Rxa3 Rac8 36. Rc3 c4 37.
Kf2 Rfd8 38. g4 f6 39. exf6 e5 40. fxg7 Kxg7 41. g5 d4 42. gxh6+ Kf8 43. Qg5 Kf7 44. Qf5+ Ke7 45. Qxe5+ Kf7 46.
Rf3+ 1-0

[Event "NJSK 2022 Jeugd C"]
[Site "Almelo, Netherlands"]
[Date "2022.05.03"]
[Round "3.8"]
[White "Fallaux, Storm"]
[Black "Van Batenburg, Mees"]
[Result "0-1"]
[TimeControl "90min + 30sec/move"]
[WhiteElo "1459"]
[BlackElo "1713"]

1. e4 c5 2. Nf3 Nc6 3. Bb5 g6 4. O-O Bg7 5. c3 e5 6. Re1 Nge7 7. d3 d6 8. h3 O-O 9. Na3 h6 10.
Nh2 f5 11. exf5 Bxf5 12. Ng4 Kh7 13. Nc4 a6 14. Bxc6 Nxc6 15. a4 Bxg4 16. Qxg4 Qf6 17. Re2 d5 18. Nb6 h5 19. Qg5 Rad8 20.
Qxf6 Bxf6 21. a5 d4 22. c4 Nb4 23. Rd2 Rd6 24. Na4 Rc8 25. b3 Bd8 26. Nb2 Nc6 27. Re2 Nxa5 28. Rxa5 Bxa5 29.
Na4 b5 30. Nb2 Re8 31. f4 Rde6 32. Kf2 exf4 33. Rxe6 Rxe6 34. Bxf4 Rf6 35. Kg3 Be1+ 36. Kf3 Bd2 37. g3 g5 38.
Ke4 gxf4 39. Ke5 fxg3 40. cxb5 axb5 41. b4 cxb4 42. Nc4 bxc4 43. Kxd4 g2 44. Kxc4 g1=Q 45. h4 Rc6+ 46. Kd5 Qc5+ 47.
Ke4 Re6+ 48. Kf3 Qe3+ 49. Kg2 Rg6+ 50. Kh2 Qf2+ 51. Kh1 Rg1# 0-1

[Event "NJSK 2022 Jeugd C"]
[Site "Almelo, Netherlands"]
[Date "2022.05.03"]
[Round "3.9"]
[White "Lopes, Samuel"]
[Black "Kumar, Prayan Sai"]
[Result "1-0"]
[TimeControl "90min + 30sec/move"]
[WhiteElo "1600"]
[BlackElo "1562"]

1. e4 c6 2. d4 d5 3. exd5 cxd5 4. Bd3 Nc6 5. c3 Nf6 6.
Bf4 Bg4 7. Qb3 Qd7 8. Nd2 e6 9. Ngf3 Bxf3 10. Nxf3 a6 11. O-O Be7 12. Rae1 O-O 13. Ne5 Qc8 14. Qc2 h6 15. Re3 b5 16.
Qe2 g5 17. Rg3 Ne8 18. Bxg5 hxg5 19. Qh5 f5 20. Rh3 Nxe5 21. Qh7# 1-0

[Event "NJSK 2022 Jeugd C"]
[Site "Almelo, Netherlands"]
[Date "2022.05.03"]
[Round "3.10"]
[White "Dekker, Thiemen"]
[Black "Venema, Maxime"]
[Result "1-0"]
[TimeControl "90min + 30sec/move"]
[WhiteElo "1935"]
[BlackElo "1614"]

1. e4 c5 2. Nf3 d6 3. d4 cxd4 4. Nxd4 Nf6 5. Nc3 a6 6. Be3 e5 7. Nb3 Be7 8. f3 Be6 9. Qd2 b5 10.
O-O-O O-O 11. g4 b4 12. Nd5 Bxd5 13. exd5 a5 14. Kb1 Nbd7 15. g5 Nh5 16. f4 exf4 17. Bxf4 Nxf4 18. Qxf4 Ne5 19.
h4 f6 20. g6 Nxg6 21. Qe4 Ne5 22.
Nd4 Qd7 23. Bh3 Qa7 24. Be6+ Kh8 25. h5 Nf7 26. Bf5 Ng5 27. Qg2 h6 28. Ne6 Rfb8 29. Bd3 Qe3 30. Rhe1 Qf3 31. Qd2 Ra7 32. Nf4 Kg8 33. Bf5 a4 34. Be6+ Nf7 35. Qd4 Rab7 36. Rd3 Qxd3 37.
Qxd3 a3 38. b3 Rc7 39. Bxf7+ Kxf7 40. Qg6+ 1-0

[Event "NJSK 2022 Jeugd C"]
[Site "Almelo, Netherlands"]
[Date "2022.05.03"]
[Round "3.11"]
[White "Agarwal, Pranav"]
[Black "Franco, Hugo"]
[Result "1-0"]
[TimeControl "90min + 30sec/move"]
[WhiteElo "1531"]
[BlackElo "1441"]

1. e4 c5 2. Nf3 Nf6 3. e5 Ng4 4. h3 Nh6 5. d4 cxd4 6. Nxd4 d6 7. Bb5+ Bd7 8. Bxh6 Bxb5 9. e6 Qa5+ 10.
Bd2 Qb6 11. Qh5 Qxd4 12. Qxb5+ Nc6 13. Qxb7 Qe4+ 14. Kd1 Rd8 15. f3 Qc4 16. Na3 Qc5 17. Be3 Na5 18. Qd7+ Rxd7 19. exd7+ Kxd7 20. Bxc5 dxc5 21. Ke2 g6 22. Rad1+ Kc7 23. Rd2 Bg7 24. b3 Bh6 25. Rd3 Kc8 26. Rhd1 Nc6 27. Rd7 Nd4+ 28. R1xd4 cxd4 29. Rxd4 e5 30. Rd5 Re8 31.
Nc4 Re7 32. Rxe5 Rc7 33. g4 Bg7 34. Rd5 h6 35. Kd1 Bc3 36. Nd6+ Kb8 37. Nb5 Rc6 38. Rd8+ Kb7 39. Nxc3 Rxc3 40.
Rd7+ Rc7 41. Rxc7+ Kxc7 42. Kd2 a5 43. Kd3 Kd7 44. Kd4 Kd6 45. c4 1-0

[Event "NJSK 2022 Jeugd C"]
[Site "Almelo, Netherlands"]
[Date "2022.05.03"]
[Round "3.12"]
[White "Bosma, Jonathan"]
[Black "Folkers, Sono"]
[Result "0-1"]
[TimeControl "90min + 30sec/move"]
[WhiteElo "884"]
[BlackElo "1519"]

1. e4 e6 2. d4 d5 3. exd5 exd5 4.
Nf3 Nf6 5. Bd3 Bg4 6. h3 Bh5 7. Bf4 Nc6 8. Nbd2 Nxd4 9. g4 Nxf3+ 10. Qxf3 Bg6 11. Bxg6 hxg6 12. O-O-O Qd7 13. Qe3+ Be7 14.
Nb3 O-O-O 15. Qxa7 Qc6 16. Qe3 Rhe8 17. f3 Bd6 18. Qd4 Re2 19. Rd2 Bxf4 20. Qxf4 Rde8 21. c3 Rxd2 22. Qxd2 Qa6 23.
Kb1 Re2 24. Qd4 c6 25. Nc5 Qb5 26. Qb4 Qxb4 27. cxb4 Nd7 28. Nd3 Rd2 29. Nc1 Rf2 30. Re1 Kd8 31. Re3 f6 32. Nd3 Rh2 33.
Nf4 Ne5 34. b5 g5 35. Ne6+ Ke7 36. Nxg7 Rxh3 37. Nf5+ Kd7 38. f4 Rxe3 39. Nxe3 gxf4 40. bxc6+ Kxc6 41. Nf1 Nxg4 42. Kc2 Ne3+ 43.
Nxe3 fxe3 44. Kd3 d4 45. a4 f5 46. b4 f4 47. Ke2 Kd5 48. Ke1 Kc4 49. b5 Kb4 50. b6 Kxa4 51. Ke2 Kb5 52.
Kd3 Kxb6 53. Kxd4 e2 54. Ke4 e1=Q+ 55. Kxf4 Qe6 56. Kf3 Qe5 57. Kg4 Qf6 58. Kg3 Qf5 59. Kg2 Qf4 60. Kg1 Qd2 61. Kf1 Kc5 62. Kg1 b5 0-1

[Event "NJSK 2022 Jeugd C"]
[Site "Almelo, Netherlands"]
[Date "2022.05.03"]
[Round "4.1"]
[White "Zhu, Chenwu"]
[Black "Smeets, Kobe"]
[Result "1/2-1/2"]
[TimeControl "90min + 30sec/move"]
[WhiteElo "1968"]
[BlackElo "1984"]

1. e4 c5 2. Nf3 e6 3. d4 cxd4 4. Nxd4 Nc6 5. Nc3 Qc7 6. Be3 a6 7. Qd2 Nf6 8. Bd3 b5 9. f4 Be7 10.
Nxc6 Qxc6 11. e5 b4 12. Ne2 Nd5 13. Bf2 Bb7 14. Nd4 Qc7 15. O-O O-O 16. Rae1 f5 17. Kh1 Rac8 18. Bg1 Nb6 19.
Qe2 Ra8 20. Qh5 g6 21. Qh6 Nc4 22. b3 Nd2 23. Rf2 Ne4 24. Rf3 Bd5 25. Rh3 Rf7 26. Be3 Qb7 27. Nf3 Bf8 1/2-1/2

[Event "NJSK 2022 Jeugd C"]
[Site "Almelo, Netherlands"]
[Date "2022.05.03"]
[Round "4.2"]
[White "Van Arendonk, Polle"]
[Black "Kazarjan, Gachatur"]
[Result "1-0"]
[TimeControl "90min + 30sec/move"]
[WhiteElo "1784"]
[BlackElo "1661"]

1. e4 c5 2. Nf3 Nc6 3. d4 cxd4 4. Nxd4 g6 5. c4 Bg7 6. Be3 Nf6 7. Nc3 O-O 8. Be2 d6 9. O-O Bd7 10.
Qd2 Nxd4 11. Bxd4 Bc6 12. f3 Nd7 13. Be3 a5 14. b3 Rc8 15. Rac1 b6 16. Rfe1 Nc5 17. Bf1 Qd7 18. Nd5 Bxd5 19.
exd5 Rfe8 20. Bf4 Rcd8 21. Bg5 Rc8 22. Re2 e5 23. dxe6 Rxe6 24. Rxe6 Nxe6 25. Be3 Qc6 26. Rd1 Rd8 27.
Qd5 Qc7 28. g3 Qb8 29. Bh3 Nc7 30. Qc6 Na8 31. Bg5 f6 32. Bf4 Bf8 33. Be3 Re8 34. Bd4 Kg7 35. Kf1 Re7 36. Re1 Rc7 37.
Qd5 Qb7 38. Be6 Qb8 39. g4 Be7 40. g5 Qf8 41. Bg4 h5 42. Bh3 Kh7 43. gxf6 Bxf6 44. Bxf6 1-0

[Event "NJSK 2022 Jeugd C"]
[Site "Almelo, Netherlands"]
[Date "2022.05.03"]
[Round "4.3"]
[White "De Winter, Arthur"]
[Black "Arnold, Rhys"]
[Result "1/2-1/2"]
[TimeControl "90min + 30sec/move"]
[WhiteElo "2138"]
[BlackElo "1846"]

1. e4 c5 2. Nf3 e6 3. d4 cxd4 4. Nxd4 Nf6 5. Nc3 Nc6 6. Ndb5 Bb4 7. a3 Bxc3+ 8. Nxc3 d5 9. exd5 exd5 10.
Bd3 O-O 11. O-O d4 12. Ne4 Bf5 13. Ng3 Bxd3 14. Qxd3 Re8 15. Bg5 h6 16. Bf4 Nd5 17. Bd2 Qd7 18. Rfe1 Rxe1+ 19. Rxe1 Re8 20.
Rxe8+ Qxe8 21. Nf5 Qe5 22. g3 Nde7 23. Nxe7+ Qxe7 24. Qf5 a6 25. h4 g6 26. Qd5 h5 27. Kf1 Qe5 28. Qf3 Qe6 29.
Kg2 Kg7 30. Bg5 b5 31. Qf4 Qd5+ 32. Kg1 Qe6 1/2-1/2

[Event "NJSK 2022 Jeugd C"]
[Site "Almelo, Netherlands"]
[Date "2022.05.03"]
[Round "4.4"]
[White "Van Batenburg, Mees"]
[Black "Madularea, David"]
[Result "1/2-1/2"]
[TimeControl "90min + 30sec/move"]
[WhiteElo "1713"]
[BlackElo "1774"]

1. e4 c5 2. b4 cxb4 3. a3 e5 4. Nf3 Nc6 5. Bb2 d6 6. axb4 Nxb4 7. c3 Nc6 8. d4 Nf6 9. Bb5 Bd7 10.
Qe2 Be7 11. Nbd2 Qc7 12. O-O O-O 13. Ba3 Rfe8 14. Bc4 Na5 15. Bd3 Bf8 16. d5 b6 17. Rfc1 Nb7 18. Bb5 Nc5 19. Bxc5 bxc5 20.
Rcb1 g6 21. Bxd7 Nxd7 22. Ra6 Nb6 23. Nc4 Reb8 24. Rba1 Bh6 25. h4 Kh8 26. Qa2 Nxc4 27. Qxc4 Rb7 28. Rc6 Qe7 29. Qa6 1/2-1/2

[Event "NJSK 2022 Jeugd C"]
[Site "Almelo, Netherlands"]
[Date "2022.05.03"]
[Round "4.5"]
[White "Kumar, Prajit Sai"]
[Black "Lopes, Samuel"]
[Result "1-0"]
[TimeControl "90min + 30sec/move"]
[WhiteElo "2042"]
[BlackElo "1600"]

1. d4 Nf6 2. Nf3 g6 3. Bg5 Bg7 4. Nbd2 h6 5. Bh4 O-O 6. e4 d6 7. Bd3 Nbd7 8. c3 e5 9. dxe5 dxe5 10.
Qc2 Qe8 11. O-O g5 12. Bg3 Nh5 13. Rfe1 Nf4 14. Bf1 Kh8 15. Nc4 Rg8 16. Ne3 Nf8 17. Rad1 N8e6 18. Nf5 f6 19. Bc4 h5 20.
Nd2 Bf8 21. b4 a5 22. a3 Ng6 23. f3 h4 24. Bf2 Ngf4 25. h3 Bd7 26. Rb1 b5 27. Ba2 a4 28. c4 bxc4 29. Bxc4 Bb5 30.
Nf1 Bxc4 31. Qxc4 Qh5 32. Nh2 Qf7 33. Rbc1 Rd8 34. Rc3 Rd2 35. Ng4 Qg6 36. Rc2 Rd3 37. Rc3 Rd2 38. Kh1 Rd8 39.
Be3 Bd6 40. Rd1 Ng7 41. Ngh6 Rgf8 42. Nxg7 Qxg7 43. Nf5 Qd7 44. Rc2 Ne6 45. Rcd2 Ng7 46. Nxd6 cxd6 47. Qa6 Ne8 48. Rc1 Nc7 49.
Qe2 Nb5 50. Rd5 Nc7 51. Ra5 Ra8 52. Bb6 Ne6 53. Qd2 Rxa5 54. bxa5 Ra8 55. Qd5 Rc8 56. Rd1 Rc6 57. Qb5 Qb7 58.
Qxa4 Qa8 59. Qb3 Qc8 60. Kh2 Nf4 61. Rd2 Rc1 62. Qf7 Rh1+ 63. Kxh1 Qc1+ 64. Kh2 Qxd2 65. Qxf6+ Kh7 66. Qxg5 Qe2 67.
Qxh4+ Kg6 68. Qg4+ Kh7 69. Bd8 Qf2 70. Bf6 Ng6 71. Qd7+ Kh6 72. Qg7+ Kh5 73. Qh7# 1-0

[Event "NJSK 2022 Jeugd C"]
[Site "Almelo, Netherlands"]
[Date "2022.05.03"]
[Round "4.6"]
[White "Ponomarev, Ivan"]
[Black "Dekker, Thiemen"]
[Result "1/2-1/2"]
[TimeControl "90min + 30sec/move"]
[WhiteElo "1744"]
[BlackElo "1935"]

1. e4 e5 2. Nf3 Nc6 3. d4 exd4 4. Nxd4 Nf6 5. Nxc6 bxc6 6. Bd3 d6 7. O-O Be7 8. Nc3 O-O 9. Bf4 Nd7 10.
Re1 Bf6 11. Qd2 Ne5 12. Rad1 Re8 13. h3 Rb8 14. Bxe5 Bxe5 15. b3 h6 16. Ne2 Bf6 17. Ng3 Bh4 18. Qf4 Qg5 19. Qxg5 Bxg5 20.
a4 1/2-1/2

[Event "NJSK 2022 Jeugd C"]
[Site "Almelo, Netherlands"]
[Date "2022.05.03"]
[Round "4.7"]
[White "Zecha, Oscar"]
[Black "Kurt, Sascha"]
[Result "1/2-1/2"]
[TimeControl "90min + 30sec/move"]
[WhiteElo "1826"]
[BlackElo "1834"]

1. d4 Nf6 2. c4 g6 3. g3 Bg7 4.
Bg2 d6 5. Nf3 O-O 6. Nc3 Nc6 7. d5 Na5 8. b3 c5 9. Bb2 a6 10. O-O Rb8 11. a4 Qb6 12. Nd2 Bh6 13. Ra3 Bg7 14.
Qa1 Nd7 15. Kh1 e5 16. dxe6 fxe6 17. Bh3 Nf6 18. Kg1 Qc7 1/2-1/2

[Event "NJSK 2022 Jeugd C"]
[Site "Almelo, Netherlands"]
[Date "2022.05.03"]
[Round "4.8"]
[White "Mohebbinezhad, Parsa"]
[Black "Terlouw, Wouter"]
[Result "1-0"]
[TimeControl "90min + 30sec/move"]
[WhiteElo "1600"]
[BlackElo "1578"]

1. e4 c5 2. Nf3 Nc6 3. d4 cxd4 4. Nxd4 g6 5. Nc3 Bg7 6. Be3 Nf6 7. Bc4 O-O 8. Qd2 d6 9. f3 Bd7 10.
O-O-O Ne5 11. Bb3 Rc8 12. g4 b5 13. h4 h5 14. gxh5 Nxh5 15. Rdg1 a5 16. f4 b4 17. Na4 Nc4 18.
Bxc4 Rxc4 19. b3 Rc8 20. Nb2 e5 21. Ne2 exf4 22. Bd4 Qc7 23. Bxg7 Kxg7 24. Rh2 Qc5 25. Nd3 Qe3 26. Ndxf4 Qxd2+ 27. Kxd2 Nxf4 28. Nxf4 Rfe8 29. Nh5+ Kh6 30. Nf6 Re7 31. h5 Kg7 32. Nxd7 Rxd7 33. hxg6 fxg6 34. Rhg2 d5 35. Rxg6+ Kh7 36.
R6g5 dxe4+ 37. Kc1 Kh6 38. Rg6+ Kh7 39. R6g4 Rd6 40. Rxe4 Rc5 41. Kb2 Rg6 42. Reg4 Rxg4 43. Rxg4 Kh6 44.
Rg3 Rf5 45. a3 Kh5 46. axb4 axb4 47. Rg2 Rf3 48. Rg8 Kh4 49. Rb8 Rf4 50. Rc8 Kg5 51. Rc4 Kf5 52. Rxf4+ Kxf4 53. c3 Ke5 54.
cxb4 Kd5 55. Kc3 Kc6 56. Kc4 Kb6 57. b5 Kb7 58. Kc5 Kc7 59. b6+ Kb7 60. Kb5 Kb8 61. Kc6 Ka8 62. b7+ Kb8 63.
b4 Ka7 64. Kc7 Ka6 65. b5+ 1-0

[Event "NJSK 2022 Jeugd C"]
[Site "Almelo, Netherlands"]
[Date "2022.05.03"]
[Round "4.9"]
[White "Krylov, Philippe"]
[Black "Agarwal, Pranav"]
[Result "0-1"]
[TimeControl "90min + 30sec/move"]
[WhiteElo "1817"]
[BlackElo "1531"]

1. d4 c5 2. d5 e6 3. c4 exd5 4. cxd5 Nf6 5. Nc3 d6 6. Nf3 Bf5 7. Nd2 Be7 8. e4 Bg6 9. f3 Nh5 10.
Bb5+ Nd7 11. O-O f5 12. exf5 Bf7 13.
Qa4 Nhf6 14. Bxd7+ Qxd7 15. Qxd7+ Kxd7 16. Nde4 Nxd5 17. Nxd5 Bxd5 18. Rd1 Kc6 19. Nc3 Bf7 20. Bf4 Rhd8 21.
Ne4 h6 22. f6 gxf6 23. Bxh6 d5 24. Ng3 Bg6 25. Re1 Re8 26. Re6+ Kd7 27. Rae1 c4 28. Kh1 Bb4 29. Rxe8 Rxe8 30.
Rxe8 Kxe8 31. Be3 b6 32. Bd4 Ke7 33. Bc3 Bxc3 34. bxc3 Bd3 35. Kg1 Kd6 36. Kf2 Kc5 37. Ke3 b5 38.
a3 a5 39. f4 d4+ 40. cxd4+ Kd5 41. Nh5 b4 42. Nxf6+ Ke6 43. axb4 a4 44. Ne8 a3 45. Nc7+ Kd7 46. Na6 a2 47.
Nc5+ Kc6 48. Nxd3 cxd3 49. Kxd3 a1=Q 50. g4 Qd1+ 51. Ke4 Qxg4 52. Ke5 Qe2+ 53. Kf6 Qxh2 54. f5 Qd6 55. Kf7 Qd5+ 56.
Kg6 Kd7 57. f6 Ke6 0-1

[Event "NJSK 2022 Jeugd C"]
[Site "Almelo, Netherlands"]
[Date "2022.05.03"]
[Round "4.10"]
[White "Kumar, Prayan Sai"]
[Black "Fallaux, Storm"]
[Result "0-1"]
[TimeControl "90min + 30sec/move"]
[WhiteElo "1562"]
[BlackElo "1459"]

1. d4 Nf6 2. Nf3 e6 3. Bf4 d5 4. e3 c5 5. c3 Nc6 6. Nbd2 c4 7. Be2 Be7 8. O-O Nh5 9. Bg3 Nxg3 10.
hxg3 g5 11. Ne1 f5 12. b3 b5 13.
a4 bxa4 14. bxa4 Rb8 15. Bh5+ Kd7 16. Be2 g4 17. f3 h5 18. f4 h4 19. gxh4 Bxh4 20. Rb1 Rxb1 21. Qxb1 Bg3 22. e4 Rh1+ 23.
Kxh1 Qh4+ 24. Kg1 Qh2# 0-1

[Event "NJSK 2022 Jeugd C"]
[Site "Almelo, Netherlands"]
[Date "2022.05.03"]
[Round "4.11"]
[White "Folkers, Sono"]
[Black "Franco, Hugo"]
[Result "1-0"]
[TimeControl "90min + 30sec/move"]
[WhiteElo "1519"]
[BlackElo "1441"]

1. d4 d5 2. Bf4 Nc6 3. Nf3 Nf6 4. e3 Bg4 5. h3 Bh5 6. Nbd2 e6 7. a3 Bd6 8. Bg5 e5 9. Be2 Qe7 10.
c3 e4 11. Nh4 Bxe2 12. Qxe2 Qd7 13. g4 h6 14. Bxf6 gxf6 15. Nf5 O-O-O 16. a4 h5 17. f3 exf3 18. Qxf3 Rdg8 19. O-O-O Ne7 20.
Nxd6+ Qxd6 21. e4 hxg4 22. hxg4 dxe4 23. Nxe4 Qc6 24. Rxh8 Rxh8 25. Qxf6 Qe8 26. d5 Rh2 27. d6 Qxa4 28.
d7+ Kd8 29. Qxe7+ Kxe7 30. d8=Q+ Ke6 31. Nc5+ 1-0

[Event "NJSK 2022 Jeugd C"]
[Site "Almelo, Netherlands"]
[Date "2022.05.03"]
[Round "4.12"]
[White "Venema, Maxime"]
[Black "Bosma, Jonathan"]
[Result "1-0"]
[TimeControl "90min + 30sec/move"]
[WhiteElo "1614"]
[BlackElo "884"]

1. d4 Nf6 2. c4 e6 3. Nc3 Bb4 4. Nf3 d5 5. Bg5 h6 6. Bf4 c5 7. e3 Nc6 8. Bd3 Bxc3+ 9. bxc3 O-O 10.
O-O b6 11. cxd5 Nxd5 12. Bg3 Nxc3 13. Qc2 Nd5 14. dxc5 Ndb4 15. Bh7+ Kh8 16. Qb1 Ba6 17. Rd1 Qf6 18. Be4 bxc5 19.
Bd6 Rfd8 20. Bxc5 Rxd1+ 21. Qxd1 Rd8 22. Qc1 Bc4 23. Rb1 Bd5 24. Bxd5 Nxd5 25. Nd4 Nde7 26. Rb7 Nxd4 27. Bxd4 e5 28.
Bxa7 Nc6 29. h3 Nxa7 30. Rxa7 g5 31. a4 Kg7 32. a5 Rd5 33. Ra8 g4 34. Qc8 Rd1+ 35. Kh2 h5 36. Qh8+ Kg6 37.
Rg8+ Kf5 38. e4+ Ke6 39. Re8+ Qe7 40. Rxe7+ Kxe7 41. Qxe5+ Kf8 42. a6 f6 43. Qxf6+ Kg8 44. a7 g3+ 45.
fxg3 Ra1 46. Qxa1 Kh7 47. a8=Q h4 48. Q1a7+ Kg6 49. Qc6+ 1-0

[Event "NJSK 2022 Jeugd C"]
[Site "Almelo, Netherlands"]
[Date "2022.05.04"]
[Round "5.1"]
[White "Van Arendonk, Polle"]
[Black "Zhu, Chenwu"]
[Result "1/2-1/2"]
[TimeControl "90min + 30sec/move"]
[WhiteElo "1784"]
[BlackElo "1968"]

1. e4 e5 2. Nf3 Nc6 3. d4 exd4 4. Nxd4 Bc5 5. Be3 Qf6 6. c3 Nge7 7. Bc4 O-O 8. O-O b6 9. b4 Bxd4 10.
Bxd4 Nxd4 11. Qxd4 Qxd4 12. cxd4 d5 13. exd5 Bb7 14. Nc3 Rfd8 15. Rac1 Bxd5 16. Nxd5 Nxd5 17. Bxd5 Rxd5 18. Rxc7 Rxd4 19.
Rfc1 g6 20. a3 Rd3 21. R7c3 Rad8 22. Kf1 1/2-1/2

[Event "NJSK 2022 Jeugd C"]
[Site "Almelo, Netherlands"]
[Date "2022.05.04"]
[Round "5.2"]
[White "Smeets, Kobe"]
[Black "De Winter, Arthur"]
[Result "0-1"]
[TimeControl "90min + 30sec/move"]
[WhiteElo "1984"]
[BlackElo "2138"]

1. e4 c5 2. Nf3 Nc6 3. d4 cxd4 4. Nxd4 Nf6 5. Nc3 e5 6. Ndb5 d6 7. Bg5 a6 8. Na3 Be6 9. Nc4 Rb8 10.
a4 Nd4 11. a5 Be7 12. Bxf6 Bxf6 13. Nb6 O-O 14. Bd3 g6 15. O-O Bg7 16. Ncd5 f5 17. Ra3 Qh4 18. f3 Rf7 19. Rc3 Bh6 20.
Qe1 Qxe1 21. Rxe1 Bd2 22. Ra1 Bxc3 23. Nxc3 Kg7 24. Kf2 Rc7 25. Ncd5 Bxd5 26. Nxd5 Rf7 27. c3 Nb3 28. Ra3 Nc5 29.
Ke3 Rc8 30. b4 Nxd3 31. Kxd3 Kh6 32. Ra2 Kg5 33. Rc2 h5 34. Ke3 fxe4 35. Kxe4 Rc4+ 36. Ke3 Kf5 37. Kd3 Rc6 38. Ke3 g5 39.
Kd3 Ke6 40. c4 g4 41. fxg4 hxg4 42. Ne3 Rf4 43. g3 Rd4+ 44. Ke2 Rc8 45. Rd2 Rcxc4 46. Nxc4 Rxc4 47. Rb2 Kd5 48. b5 Ra4 49.
Rd2+ Ke6 0-1

[Event "NJSK 2022 Jeugd C"]
[Site "Almelo, Netherlands"]
[Date "2022.05.04"]
[Round "5.3"]
[White "Arnold, Rhys"]
[Black "Kumar, Prajit Sai"]
[Result "0-1"]
[TimeControl "90min + 30sec/move"]
[WhiteElo "1846"]
[BlackElo "2042"]

1. e4 c6 2. Nf3 d5 3. Nc3 dxe4 4.
Nxe4 Nf6 5. Ng3 h5 6. h4 Bg4 7. Be2 e6 8. Ng5 Bxe2 9. Qxe2 Bd6 10. N3e4 Nxe4 11. Nxe4 Be7 12. g3 Nd7 13.
d3 Qc7 14. Bg5 f6 15. Be3 c5 16. Nc3 Qc6 17. O-O-O O-O-O 18. f4 Kb8 19. Kb1 Nb6 20. Rhe1 Bd6 21. Ne4 Nd5 22.
Nxd6 Rxd6 23. c4 Nb4 24. Bc1 Rhd8 25. Rd2 Nxd3 26. Red1 Nxc1 27. Kxc1 Rxd2 28. Rxd2 Rxd2 29. Kxd2 Qe8 30.
Kc1 g6 31. Qd3 Kc7 32. Qc3 Qe7 33. Kb1 Qd6 34. a3 e5 35. fxe5 fxe5 36. Qe3 Qd1+ 37. Ka2 Qd4 38. Qh6 Qxc4+ 39. Kb1 Qd3+ 40. Ka2 Qd6 41. Qg7+ Kb6 42. Qf7 a6 43. Qc4 Ka7 44. b4 cxb4 45. axb4 Qd4 46. Qe6 Qd2+ 47. Ka3 Qc3+ 48.
Ka2 Qxg3 49. Qd6 Qf2+ 50. Ka3 e4 51. Qe7 Qd4 52. Qc7 e3 53. Qc2 Qe5 0-1

[Event "NJSK 2022 Jeugd C"]
[Site "Almelo, Netherlands"]
[Date "2022.05.04"]
[Round "5.4"]
[White "Kazarjan, Gachatur"]
[Black "Van Batenburg, Mees"]
[Result "0-1"]
[TimeControl "90min + 30sec/move"]
[WhiteElo "1661"]
[BlackElo "1713"]

1. e4 c5 2. Nf3 Nc6 3. d4 cxd4 4. Nxd4 e5 5. Nb5 d6 6. c4 g6 7. N1c3 a6 8. Na3 Be6 9. Nc2 f5 10.
exf5 gxf5 11. Qh5+ Kd7 12. Nd5 Bxd5 13. cxd5 Nce7 14. Bd3 e4 15. Bc4 Rc8 16. Bb3 Qe8 17. Qxe8+ Kxe8 18. Nd4 Nf6 19.
Bg5 Nfxd5 20. Bxe7 Nxe7 21. Be6 Rc5 22. b4 Re5 23. O-O Nc6 24. Nxc6 bxc6 25. Bc8 Bh6 26. Bxa6 Kd7 27. a4 Ra8 28.
b5 Kc7 29. Ra3 f4 30. Rc1 c5 31. Rb1 Kb6 32. a5+ Ka7 33. Rd1 Rd8 34. Rh3 Re6 35. Rh5 e3 36. fxe3 fxe3 37. Rf5 Re7 38.
Re1 d5 39. Rf6 d4 40. Bc8 Rxc8 41. Rxh6 d3 42. Rd6 c4 43. b6+ Ka6 44. Rb1 Rb8 45. Kf1 Rf8+ 46. Ke1 d2+ 47. Rxd2 exd2+ 48. Kxd2 Rf5 49. Kc3 Rb5 50. Rf1 Rxa5 51. Kxc4 Kxb6 52. Rf2 Rae5 53. Kd4 0-1